 Dungeon Crawl Stone Soup version 0.23.0-33-g5e6c059 (webtiles) character file.

Game seed: 11518816198229502778

66 Hasart the Digger (level 3, -4/19 HPs)
             Began as a Deep Elf Earth Elementalist on Feb 26, 2019.
             Slain by a gnoll
             ... wielding a +1 halberd of freezing
              (10 damage)
             ... on level 2 of the Dungeon.
             The game lasted 00:03:05 (1183 turns).

Hasart the Digger (Deep Elf Earth Elementalist)     Turns: 1183, Time: 00:03:06

Health: -4/19      AC:  2    Str:  5    XL:     3   Next: 96%
Magic:  1/10       EV: 13    Int: 20    God:
Gold:   49         SH:  0    Dex: 15    Spells: 5/9 levels left

rFire    . . .     SeeInvis .   a - +0 short sword
rCold    . . .     Gourm    .   (no shield)
rNeg     . . .     Faith    .   c - +0 robe
rPois    .         Spirit   .   (no helmet)
rElec    .         Reflect  .   (no cloak)
rCorr    .         Harm     .   (no gloves)
MR       .....                  (no boots)
Stlth    ++........             j - amulet of the acrobat
HPRegen  0.06/turn              (no ring)
MPRegen  0.12/turn              (no ring)

@: no status effects
A: no striking features
a: no special abilities


You were on level 2 of the Dungeon.
You were hungry.

You visited 1 branch of the dungeon, and saw 2 of its levels.

You collected 49 gold pieces.

Inventory:

Hand Weapons
 a - a +0 short sword (weapon)
Missiles
 b - 25 stones (quivered)
Armour
 c - a +0 robe (worn)
Jewellery
 j - an amulet of the acrobat (around neck)
Scrolls
 e - a scroll of enchant weapon {unknown}
 f - a scroll of teleportation {unknown}
 g - 2 scrolls of identify {unknown}
 i - a scroll of magic mapping {unknown}
Potions
 h - a potion of resistance {unknown}
Comestibles
 d - 3 rations


   Skills:
 + Level 3.2 Dodging
 - Level 2.4 Stealth
 + Level 3.8 Spellcasting
 * Level 1.2 Conjurations
   Level 1.1 Transmutations
 + Level 4.2 Earth Magic


You had 5 spell levels left.
You knew the following spells:

 Your Spells              Type           Power        Failure   Level  Hunger
a - Sandblast             Erth           ###...       2%          1    None
b - Stone Arrow           Conj/Erth      ##....       13%         3    ###....

Your spell library contained the following spells:

 Spells                   Type           Power        Failure   Level  Hunger
 Passwall                 Tmut/Erth      ##......     7%          2    ##.....
 Petrify                  Tmut/Erth      ##......     41%         4    ####...
 Lee's Rapid Deconstruct  Erth           ###.......   54%         5    ######.


Dungeon Overview and Level Annotations

Branches:
Dungeon (2/15)

Altars:


Message History

Aiming: Sandblast (safe; 2% risk of failure)
Press: ? - help, Shift-Dir - straight line, f/p - gnoll
Aim: a gnoll, wielding a +0 spear (severely wounded)
The blast of sand hits the gnoll.
The gnoll is almost dead.
b - 26 stones The gnoll hits you from afar with a +1 halberd of freezing.
The gnoll freezes you.
The gnoll hits you from afar with a +0 spear.
Casting: Sandblast (safe; 2% risk of failure)
Confirm with . or Enter, or press ? or * to list all spells.
Aiming: Sandblast (safe; 2% risk of failure)
Press: ? - help, Shift-Dir - straight line, f/p - gnoll
Aim: a gnoll, wielding a +0 spear (almost dead)
The blast of sand hits the gnoll!
You kill the gnoll!
b - 25 stones The gnoll hits you from afar with a +1 halberd of freezing!
Ouch! That really hurt!
You die...

.............#...(..#
####...##..#.#......#
#...##.)###......#
##........#..#####
#......#....#
#......###>#########
..r..+............
##.....(.....
#.?.@.g....>
#....†......
#.....).....
#.........(.
#...........
#.....$.....
#...........
#...........


You could see a gnoll.

Vanquished Creatures
  3 gnolls (D:2)
  An ooze (D:1)
  A dart slug (D:2)
  A leopard gecko (D:1)
  2 giant cockroaches (D:1)
  3 goblins (D:1)
  A hobgoblin (D:1)
  A quokka (D:2)
  A ball python (D:1)
  4 bats
  5 frilled lizards (D:1)
  8 kobolds
  4 rats
35 creatures vanquished.

Notes
Turn   | Place    | Note
-------+----------+-------------------------------------------
     0 | D:1      | Hasart the Deep Elf Earth Elementalist began the quest for
                  | the Orb.
     0 | D:1      | Reached XP level 1. HP: 10/10 MP: 6/6
   187 | D:1      | Reached XP level 2. HP: 15/15 MP: 5/8
   510 | D:1      | Reached skill level 4 in Earth Magic
  1033 | D:2      | Reached XP level 3. HP: 15/19 MP: 10/10
  1168 | D:2      | Learned a level 3 spell: Stone Arrow
  1179 | D:2      | Reached skill level 1 in Conjurations
  1183 | D:2      | Slain by a gnoll

Skill      XL: |  1  2  3 |
---------------+----------+-----
Earth Magic    | 4 |  4.2
Dodging        | 3 |  3.2
Conjurations   | 1 |  1.2
Stealth        | |  2.4
Spellcasting   | |  3.8
Transmutations | |  1.1

Action                   || total
-------------------------++-------
Melee: Short sword       ||    43
 Cast: Sandblast         ||    39
 Stab: Sleeping          ||     2
Armor: Robe              ||     9
Dodge: Dodged            ||    50
